Lightning vs Senateurs
Created - March 1, 2020 at 20:16
Goals
|
Lightning |
1 |
3 |
1 |
5 |
Senateurs |
1 |
1 |
1 |
3 |
|
Shots
|
Lightning |
5 |
16 |
15 |
36 |
Senateurs |
14 |
16 |
7 |
37 |
|
1st period
1. Lightning , Tyler Johnson 19 (Kris Versteeg 21) at 8:49
2. Senateurs , Daniel Briere 16 (Sergei Kostitsyn 9, Radim Vrbata 10) at 17:37
Penalties :
Joni Pitkanen (TB.) for Interference (Minor) at 9:30, Daniel Sedin (Ott) for Goalie Interference (Minor) at 15:17, Kris Versteeg (TB.) for Hooking (Minor) at 19:16
2nd period
3. Senateurs , Phil Kessel 28 (Dion Phaneuf 38, Daniel Sedin 17) at 5:00 (PP)
4. Lightning , Joni Pitkanen 3 (Alex Goligoski 19, Henrik Zetterberg 25) at 5:36 (PP)
5. Lightning , Mark Scheifele 8 (Patrick Kaleta 12, Jaden Schwartz 31) at 12:11 (PP)
6. Lightning , Kris Versteeg 21 (Henrik Zetterberg 26, Tyler Johnson 27) at 12:57 (PP)
Penalties :
Joni Pitkanen (TB.) for Hooking (Minor) at 3:56, Carlo Colaiacovo (Ott) for Hooking (Minor) at 5:24, Daniel Briere (Ott) for Hooking (Minor) at 10:48, Evgeni Malkin (Ott) for Tripping (Minor) at 12:52, Joni Pitkanen (TB.) for Hooking (Minor) at 16:32
3rd period
7. Lightning , Kris Versteeg 22 (Joni Pitkanen 14, Henrik Zetterberg 27) at 3:40
8. Senateurs , Phil Kessel 29 (Jamie Benn 27, Sidney Crosby 41) at 6:08
Penalties :
Daniel Briere (Ott) for Roughing (Minor) at 10:10, Sidney Crosby (Ott) for Kneeing (Minor) at 15:09
Goalie Stats
Philipp Grubauer (TB.), 34 saves from 37 shots - (0.919), W, 20-15-4, 60:00 minutes
Ondrej Pavelec (Ott), 20 saves from 21 shots - (0.952), 27:03 minutes
Roberto Luongo (Ott), 11 saves from 15 shots - (0.733), L, 4-7-1, 32:57 minutes
Players Stats for Lightning
Player Name G A P +/- PIM S H SB GA TA FO MP PP MP PK MP
------------------------------------------------------------------------------------
Aaron Haydon 0 0 0 0 0 0 0 1 0 0 0/0 16:34 0:00 2:54
Alex Goligoski 0 1 1 1 0 6 1 0 1 4 0/0 29:06 5:55 4:38
Henrik Zetterberg 0 3 3 2 0 4 1 0 1 2 0/1 23:05 4:10 4:39
Jaden Schwartz 0 1 1 0 0 1 0 0 0 0 0/1 15:09 2:38 0:35
James Wright 0 0 0 0 0 2 4 0 0 0 0/3 10:39 0:21 0:00
Jon Merrill 0 0 0 -1 0 3 1 1 0 0 0/0 17:48 1:42 2:30
Joni Pitkanen 1 1 2 1 6 1 4 1 1 0 0/0 25:09 5:55 1:17
Kris Versteeg 2 1 3 2 2 4 1 0 0 1 4/6 21:17 4:22 3:00
Mark Scheifele 1 0 1 0 0 3 1 1 1 0 2/9 15:23 2:26 0:41
Mikael Backlund 0 0 0 -2 0 1 2 0 0 0 0/2 8:06 0:00 0:00
Patrick Kaleta 0 1 1 0 0 0 1 0 1 0 0/0 16:10 2:26 1:44
Patrick Marleau 0 0 0 0 0 0 2 0 0 0 0/1 11:23 0:49 0:00
Pierre-Luc Létourneau 0 0 0 -2 0 0 0 0 0 0 0/0 8:28 0:00 0:00
Rasmus Ristolainen 0 0 0 0 0 3 0 1 0 0 0/0 13:13 0:00 0:00
Scottie Upshall 0 0 0 -2 0 2 0 0 0 0 0/4 11:08 0:22 1:39
Theo Peckham 0 0 0 -1 0 1 2 1 1 1 0/0 18:36 1:42 2:43
Tyler Johnson 1 1 2 2 0 4 3 2 0 0 15/37 20:15 4:28 1:44
Tyler Toffoli 0 0 0 0 0 1 1 0 0 0 2/2 11:26 0:49 0:00
Players Stats for Senateurs
Player Name G A P +/- PIM S H SB GA TA FO MP PP MP PK MP
------------------------------------------------------------------------------------
Arturs Kulda 0 0 0 0 0 0 0 1 0 0 0/0 5:45 0:00 0:54
Carlo Colaiacovo 0 0 0 0 2 0 0 2 0 0 0/0 10:54 0:00 0:54
Cody Franson 0 0 0 1 0 2 1 1 1 1 0/0 27:58 5:56 3:15
Colby Armstrong 0 0 0 -1 0 2 1 0 0 0 1/1 17:25 2:54 0:00
Daniel Briere 1 0 1 1 4 1 1 2 0 0 1/2 13:10 0:00 1:56
Daniel Sedin 0 1 1 -1 2 2 1 2 0 0 1/1 16:49 2:54 0:00
Dion Phaneuf 0 1 1 1 0 4 1 3 1 1 0/0 30:56 5:56 3:15
Duncan Keith 0 0 0 -1 0 2 0 1 0 0 0/0 18:14 1:05 3:28
Evgeni Malkin 0 0 0 -1 2 5 1 1 0 0 11/15 20:09 2:54 3:11
Jamie Benn 0 1 1 0 0 5 3 0 0 0 1/1 21:43 4:07 2:27
Mark Giordano 0 0 0 0 0 0 1 2 0 1 0/0 8:46 0:00 0:00
Nate Prosser 0 0 0 -1 0 1 0 3 0 1 0/0 18:14 1:05 3:28
Phil Kessel 2 0 2 0 0 5 3 0 5 0 3/3 20:06 4:07 1:30
Radim Vrbata 0 1 1 1 0 0 0 1 0 1 1/1 10:29 0:00 0:00
Ryan Hollweg 0 0 0 0 0 0 0 0 0 0 1/4 8:51 0:00 2:26
Sergei Kostitsyn 0 1 1 1 0 0 0 1 0 0 0/0 10:39 0:00 0:00
Sidney Crosby 0 1 1 0 2 5 2 1 1 1 23/38 25:35 4:07 3:21
Stephane Da Costa 0 0 0 0 0 3 0 0 0 0 0/0 6:34 0:00 0:23
3 Stars
1 - Kris Versteeg (TB.)
2 - Tyler Johnson (TB.)
3 - Henrik Zetterberg (TB.)
Power Play
Lightning - 3 on 6 Attempt(s) - 50.00%
Senateurs - 1 on 4 Attempt(s) - 25.00%
Penalty Kill
Lightning - 3 on 4 Attempt(s) - 75.00%
- Score 0 goal in Penalty Kill
Senateurs - 3 on 6 Attempt(s) - 50.00%
- Score 0 goal in Penalty Kill
Team Stat
Lightning - Hits : 24 - Faceoff Wins : 23 - Blocked Shots : 8 - Penalty Minutes : 8
Senateurs - Hits : 15 - Faceoff Wins : 43 - Blocked Shots : 21 - Penalty Minutes : 12
Official
Referees : Unknown
Linesman : Unknown
Game Notes
Ondrej Pavelec enters game at 12:57 of 2nd period
Finance
Level 1 -- Attendance: 6000 (100.00%) -- Ticket Income $618,000
Level 2 -- Attendance: 3920 (78.40%) -- Ticket Income $266,560
Level 3 -- Attendance: 1524 (76.20%) -- Ticket Income $65,532
Level 4 -- Attendance: 4000 (100.00%) -- Ticket Income $112,000
Luxury Box -- Attendance: 1000 (100.00%) -- Ticket Income $180,000
Game was played at the Place Banque Scotia.
Total Attendance: 16444 (91.36%)
Total Ticket Income: $1,242,092
Other Income: $186,314
Total Income: $1,428,406
Lightning
5 vs 5 Forward
Center Left Wing Right Wing Time % Phy DF OF
1 Tyler Johnson Henrik Zetterberg Kris Versteeg 40 1 2 2
2 Mark Scheifele Jaden Schwartz Patrick Kaleta 30 1 2 2
3 James Wright Patrick Marleau Tyler Toffoli 20 1 2 2
4 Mikael Backlund Pierre-Luc Létourneau Scottie Upshall 10 1 2 2
5 vs 5 Defense
Defense Defense Time % Phy DF OF
1 Alex Goligoski Joni Pitkanen 40 1 2 2
2 Jon Merrill Theo Peckham 30 1 2 2
3 Rasmus Ristolainen Aaron Haydon 20 1 2 2
4 Alex Goligoski Joni Pitkanen 10 1 2 2
PowerPlay Forward
Center Left Wing Right Wing Time % Phy DF OF
1 Tyler Johnson Henrik Zetterberg Kris Versteeg 60 1 2 2
2 Mark Scheifele Jaden Schwartz Patrick Kaleta 40 1 2 2
PowerPlay Defense
Defense Defense Time % Phy DF OF
1 Alex Goligoski Joni Pitkanen 60 1 2 2
2 Jon Merrill Theo Peckham 40 1 2 2
Penalty Kill 4 Players Forward
Center Wing Time % Phy DF OF
1 Kris Versteeg Henrik Zetterberg 60 1 2 2
2 Tyler Johnson Patrick Kaleta 40 1 2 2
Penalty Kill 4 Players Defense
Defense Defense Time % Phy DF OF
1 Alex Goligoski Joni Pitkanen 60 1 2 2
2 Jon Merrill Theo Peckham 40 1 2 2
Penalty Kill - 3 Players Forward
Forward Time % Phy DF OF
1 Kris Versteeg 60 1 2 2
2 Henrik Zetterberg 40 1 2 2
Penalty Kill - 3 Players Defense
Defense Defense Time % Phy DF OF
1 Alex Goligoski Joni Pitkanen 60 1 2 2
2 Jon Merrill Theo Peckham 40 1 2 2
4 vs 4 Forward
Center Wing Time % Phy DF OF
1 Kris Versteeg Henrik Zetterberg 60 1 2 2
2 Tyler Johnson Patrick Kaleta 40 1 2 2
4 vs 4 Defense
Defense Defense Time % Phy DF OF
1 Alex Goligoski Joni Pitkanen 60 1 2 2
2 Jon Merrill Theo Peckham 40 1 2 2
Last Minutes Offensive
Center Left Wing Right Wing Defense Defense
Tyler Johnson Henrik Zetterberg Kris Versteeg Alex Goligoski Joni Pitkanen
Last Minutes Defensive
Center Left Wing Right Wing Defense Defense
Tyler Johnson Henrik Zetterberg Kris Versteeg Alex Goligoski Joni Pitkanen
Goaltenders
Starting : Philipp Grubauer
Backup : Jhonas Enroth
Extra Forwards
Normal : Tyler Toffoli, Patrick Marleau, Scottie Upshall - PP : Tyler Toffoli, Patrick Marleau - PK : Scottie Upshall
Extra Defensemen
Normal : Rasmus Ristolainen, Aaron Haydon, Jon Merrill - PP : Rasmus Ristolainen - PK : Aaron Haydon, Jon Merrill
Penalty Shots
Kris Versteeg, Henrik Zetterberg, Tyler Johnson, Patrick Kaleta, Mark Scheifele
Scratches
Darren Helm (Healthy), Justin Schultz (Sprained Right Ankle Injury)
Senateurs
5 vs 5 Forward
Center Left Wing Right Wing Time % Phy DF OF
1 Sidney Crosby Jamie Benn Phil Kessel 40 1 2 2
2 Evgeni Malkin Daniel Sedin Colby Armstrong 30 1 2 2
3 Daniel Briere Sergei Kostitsyn Radim Vrbata 20 1 2 2
4 Stephane Da Costa Ryan Hollweg Sidney Crosby 10 1 2 2
5 vs 5 Defense
Defense Defense Time % Phy DF OF
1 Dion Phaneuf Cody Franson 40 1 2 2
2 Duncan Keith Nate Prosser 30 1 2 2
3 Mark Giordano Carlo Colaiacovo 20 1 2 2
4 Arturs Kulda Dion Phaneuf 10 1 2 2
PowerPlay Forward
Center Left Wing Right Wing Time % Phy DF OF
1 Sidney Crosby Jamie Benn Phil Kessel 60 1 2 2
2 Evgeni Malkin Daniel Sedin Colby Armstrong 40 1 2 2
PowerPlay Defense
Defense Defense Time % Phy DF OF
1 Dion Phaneuf Cody Franson 60 1 2 2
2 Duncan Keith Nate Prosser 40 1 2 2
Penalty Kill 4 Players Forward
Center Wing Time % Phy DF OF
1 Sidney Crosby Evgeni Malkin 60 1 2 2
2 Phil Kessel Daniel Briere 40 1 2 2
Penalty Kill 4 Players Defense
Defense Defense Time % Phy DF OF
1 Dion Phaneuf Cody Franson 60 1 2 2
2 Duncan Keith Nate Prosser 40 1 2 2
Penalty Kill - 3 Players Forward
Forward Time % Phy DF OF
1 Sidney Crosby 60 1 2 2
2 Evgeni Malkin 40 1 2 2
Penalty Kill - 3 Players Defense
Defense Defense Time % Phy DF OF
1 Dion Phaneuf Cody Franson 60 1 2 2
2 Duncan Keith Nate Prosser 40 1 2 2
4 vs 4 Forward
Center Wing Time % Phy DF OF
1 Sidney Crosby Evgeni Malkin 60 1 2 2
2 Phil Kessel Daniel Briere 40 1 2 2
4 vs 4 Defense
Defense Defense Time % Phy DF OF
1 Dion Phaneuf Cody Franson 60 1 2 2
2 Duncan Keith Nate Prosser 40 1 2 2
Last Minutes Offensive
Center Left Wing Right Wing Defense Defense
Sidney Crosby Jamie Benn Phil Kessel Dion Phaneuf Cody Franson
Last Minutes Defensive
Center Left Wing Right Wing Defense Defense
Sidney Crosby Jamie Benn Phil Kessel Dion Phaneuf Cody Franson
Goaltenders
Starting : Roberto Luongo
Backup : Ondrej Pavelec
Extra Forwards
Normal : Sergei Kostitsyn, Radim Vrbata, Ryan Hollweg - PP : Sergei Kostitsyn, Radim Vrbata - PK : Ryan Hollweg
Extra Defensemen
Normal : Mark Giordano, Carlo Colaiacovo, Arturs Kulda - PP : Mark Giordano - PK : Carlo Colaiacovo, Arturs Kulda
Penalty Shots
Sidney Crosby, Evgeni Malkin, Phil Kessel, Daniel Briere, Jamie Benn
Scratches
Chris Kunitz (Healthy), Michel Ouellet (Healthy)
% Time on Ice - Lightning
Lines # - Real PCT - Wanted PCT - Time Play
Normal Forward
1 - 34% - 40% - 15:18
2 - 27% - 30% - 12:14
3 - 21% - 20% - 9:44
4 - 18% - 10% - 8:06
Normal Defense
1 - 38% - 40% - 17:22
2 - 30% - 30% - 13:33
3 - 29% - 20% - 13:13
4 - 3% - 10% - 1:14
PP Forward
1 - 64% - 60% - 4:52
2 - 36% - 40% - 2:45
PP Defense
1 - 78% - 60% - 5:55
2 - 22% - 40% - 1:42
PK Forward
1 - 75% - 60% - 5:17
2 - 25% - 40% - 1:44
PK Defense
1 - 66% - 60% - 4:38
2 - 34% - 40% - 2:23
PK3 Forward
1 - 0% - 60%
2 - 0% - 40%
PK3 Defense
1 - 0% - 60%
2 - 0% - 40%
44 Forward
1 - 0% - 60%
2 - 0% - 40%
44 Defense
1 - 0% - 60%
2 - 0% - 40%
Last Minute Offensive - 0:00
Last Minute Defensive - 0:00
Total
Forward - 60:00
Defense - 60:00
|
% Time on Ice - Senateurs
Lines # - Real PCT - Wanted PCT - Time Play
Normal Forward
1 - 36% - 40% - 16:10
2 - 31% - 30% - 14:16
3 - 22% - 20% - 9:54
4 - 11% - 10% - 5:02
Normal Defense
1 - 41% - 40% - 18:49
2 - 30% - 30% - 13:41
3 - 19% - 20% - 8:46
4 - 9% - 10% - 4:06
PP Forward
1 - 59% - 60% - 4:07
2 - 41% - 40% - 2:54
PP Defense
1 - 85% - 60% - 5:56
2 - 15% - 40% - 1:05
PK Forward
1 - 80% - 60% - 6:07
2 - 20% - 40% - 1:30
PK Defense
1 - 54% - 60% - 4:09
2 - 46% - 40% - 3:28
PK3 Forward
1 - 0% - 60%
2 - 0% - 40%
PK3 Defense
1 - 0% - 60%
2 - 0% - 40%
44 Forward
1 - 0% - 60%
2 - 0% - 40%
44 Defense
1 - 0% - 60%
2 - 0% - 40%
Last Minute Offensive - 0:00
Last Minute Defensive - 0:00
Total
Forward - 60:00
Defense - 60:00
|
Play-by-Play
1st period
0:01 of 1st period - Tyler Johnson wins face-off versus Sidney Crosby in neutral zone.
0:04 of 1st period - Phil Kessel is hit by Joni Pitkanen and loses puck.
0:14 of 1st period - Icing by Sidney Crosby.
0:15 of 1st period - Sidney Crosby wins face-off versus Mark Scheifele in Senateurs zone.
1:11 of 1st period - Wrist shot by Jamie Benn.
1:11 of 1st period - Stopped by Philipp Grubauer without a rebound.
1:12 of 1st period - Tyler Toffoli wins face-off versus Evgeni Malkin in Lightning zone.
1:12 of 1st period - Tyler Toffoli is hit by Evgeni Malkin.
1:22 of 1st period - Snap shot by James Wright.
1:22 of 1st period - Stopped by Roberto Luongo with a rebound.
1:24 of 1st period - Slapshot by Rasmus Ristolainen.
1:24 of 1st period - Shot Misses the Net.
1:26 of 1st period - Snap shot by Patrick Marleau.
1:26 of 1st period - Shot Blocked by Nate Prosser.
2:15 of 1st period - Snap shot by James Wright.
2:15 of 1st period - Shot Blocked by Mark Giordano.
4:31 of 1st period - Snap shot by Mikael Backlund.
4:31 of 1st period - Stopped by Roberto Luongo without a rebound.
4:32 of 1st period - Evgeni Malkin wins face-off versus Tyler Johnson in Senateurs zone.
4:45 of 1st period - Wrist shot by Kris Versteeg.
4:45 of 1st period - Deflect By Henrik Zetterberg.
4:45 of 1st period - Shot Blocked by Duncan Keith.
4:45 of 1st period - Puck is out of play.
4:46 of 1st period - Sidney Crosby wins face-off versus Tyler Johnson in Senateurs zone.
5:59 of 1st period - Radim Vrbata is hit by Henrik Zetterberg.
6:03 of 1st period - Radim Vrbata is hit by Theo Peckham and loses puck.
7:01 of 1st period - Wrist shot by Mikael Backlund.
7:01 of 1st period - Shot Blocked by Sidney Crosby.
8:43 of 1st period - Off-side.
8:44 of 1st period - Tyler Johnson wins face-off versus Evgeni Malkin in neutral zone.
8:49 of 1st period - Snap shot by Tyler Johnson.
8:49 of 1st period - Goal by Tyler Johnson - Lightning : 1 - Senateurs : 0.
8:50 of 1st period - Kris Versteeg wins face-off versus Sidney Crosby in neutral zone.
8:55 of 1st period - Wrist shot by Kris Versteeg.
8:55 of 1st period - Shot Misses the Net.
8:57 of 1st period - Wrist shot by Tyler Johnson.
8:57 of 1st period - Stopped by Roberto Luongo with a rebound.
9:13 of 1st period - Icing by Nate Prosser.
9:14 of 1st period - Mark Scheifele wins face-off versus Evgeni Malkin in Senateurs zone.
9:25 of 1st period - Slapshot by Colby Armstrong.
9:25 of 1st period - Shot Blocked by Jon Merrill.
9:27 of 1st period - Slapshot by Daniel Sedin.
9:27 of 1st period - Stopped by Philipp Grubauer without a rebound.
9:28 of 1st period - Tyler Johnson wins face-off versus Sidney Crosby in Lightning zone.
9:30 of 1st period - Minor Penalty to Joni Pitkanen for Interference.
9:31 of 1st period - Kris Versteeg wins face-off versus Sidney Crosby in Lightning zone.
9:45 of 1st period - Alex Goligoski is hit by Jamie Benn and loses puck.
10:06 of 1st period - Slapshot by Evgeni Malkin.
10:06 of 1st period - Stopped by Philipp Grubauer without a rebound.
10:07 of 1st period - Tyler Johnson wins face-off versus Sidney Crosby in Lightning zone.
10:22 of 1st period - Jon Merrill is hit by Colby Armstrong and loses puck.
10:35 of 1st period - Snap shot by Evgeni Malkin.
10:35 of 1st period - Deflect By Daniel Sedin.
10:35 of 1st period - Shot Misses the Net.
10:35 of 1st period - Puck is out of play.
10:36 of 1st period - Sidney Crosby wins face-off versus Tyler Johnson in Lightning zone.
10:53 of 1st period - Snap shot by Sidney Crosby.
10:53 of 1st period - Stopped by Philipp Grubauer without a rebound.
10:54 of 1st period - Evgeni Malkin wins face-off versus Tyler Johnson in Lightning zone.
11:30 of 1st period - Penalty to Joni Pitkanen is over, Joni Pitkanen is back on ice.
11:30 of 1st period - Tyler Johnson is hit by Sidney Crosby and loses puck.
12:03 of 1st period - Slapshot by Evgeni Malkin.
12:03 of 1st period - Shot Misses the Net.
12:05 of 1st period - Snap shot by Daniel Sedin.
12:05 of 1st period - Shot Misses the Net.
12:07 of 1st period - Slapshot by Nate Prosser.
12:07 of 1st period - Stopped by Philipp Grubauer with a rebound.
12:23 of 1st period - Stephane Da Costa is hit by Tyler Johnson and loses puck.
12:42 of 1st period - Backhand shot by Sidney Crosby.
12:42 of 1st period - Stopped by Philipp Grubauer without a rebound.
12:43 of 1st period - Sidney Crosby wins face-off versus Mikael Backlund in Lightning zone.
12:52 of 1st period - Carlo Colaiacovo is hit by Mikael Backlund and loses puck.
13:20 of 1st period - Slapshot by Sidney Crosby.
13:20 of 1st period - Stopped by Philipp Grubauer without a rebound.
13:21 of 1st period - Evgeni Malkin wins face-off versus Tyler Johnson in Lightning zone.
13:30 of 1st period - Snap shot by Evgeni Malkin.
13:30 of 1st period - Stopped by Philipp Grubauer with a rebound.
13:32 of 1st period - Snap shot by Daniel Sedin.
13:32 of 1st period - Deflect By Rasmus Ristolainen.
13:32 of 1st period - Stopped by Philipp Grubauer without a rebound.
13:33 of 1st period - Evgeni Malkin wins face-off versus Kris Versteeg in Lightning zone.
13:41 of 1st period - Icing by Tyler Johnson.
13:42 of 1st period - Daniel Sedin wins face-off versus Tyler Johnson in Lightning zone.
13:45 of 1st period - Wrist shot by Evgeni Malkin.
13:45 of 1st period - Stopped by Philipp Grubauer with a rebound.
13:59 of 1st period - Wrist shot by Daniel Sedin.
13:59 of 1st period - Shot Misses the Net.
14:21 of 1st period - Jon Merrill is hit by Dion Phaneuf and loses puck.
14:32 of 1st period - Wrist shot by Kris Versteeg.
14:32 of 1st period - Stopped by Roberto Luongo with a rebound.
15:17 of 1st period - Minor Penalty to Daniel Sedin for Goalie Interference.
15:18 of 1st period - Ryan Hollweg wins face-off versus Mark Scheifele in Senateurs zone.
16:04 of 1st period - Arturs Kulda is hit by Tyler Toffoli and loses puck.
16:27 of 1st period - Daniel Briere is hit by Joni Pitkanen and loses puck.
17:12 of 1st period - Icing by Kris Versteeg.
17:13 of 1st period - Tyler Johnson wins face-off versus Ryan Hollweg in Lightning zone.
17:17 of 1st period - Penalty to Daniel Sedin is over, Daniel Sedin is back on ice.
17:24 of 1st period - Theo Peckham is hit by Daniel Briere and loses puck.
17:37 of 1st period - Wrist shot by Daniel Briere.
17:37 of 1st period - Goal by Daniel Briere - Lightning : 1 - Senateurs : 1.
17:38 of 1st period - Sidney Crosby wins face-off versus Mark Scheifele in neutral zone.
18:14 of 1st period - Backhand shot by Evgeni Malkin.
18:14 of 1st period - Shot Blocked by Aaron Haydon.
18:27 of 1st period - Icing by Dion Phaneuf.
18:28 of 1st period - Tyler Toffoli wins face-off versus Daniel Briere in Senateurs zone.
18:31 of 1st period - Slapshot by Alex Goligoski.
18:31 of 1st period - Shot Misses the Net.
18:53 of 1st period - Wrist shot by Cody Franson.
18:53 of 1st period - Shot Misses the Net.
18:55 of 1st period - Slapshot by Cody Franson.
18:55 of 1st period - Shot Misses the Net.
18:57 of 1st period - Snap shot by Sidney Crosby.
18:57 of 1st period - Shot Misses the Net.
18:59 of 1st period - Wrist shot by Cody Franson.
18:59 of 1st period - Stopped by Philipp Grubauer with a rebound.
19:05 of 1st period - Snap shot by Sidney Crosby.
19:05 of 1st period - Stopped by Philipp Grubauer without a rebound.
19:06 of 1st period - Sidney Crosby wins face-off versus Tyler Johnson in Lightning zone.
19:16 of 1st period - Minor Penalty to Kris Versteeg for Hooking.
19:17 of 1st period - Sidney Crosby wins face-off versus Scottie Upshall in Lightning zone.
19:26 of 1st period - Icing by Dion Phaneuf.
19:27 of 1st period - Sidney Crosby wins face-off versus Scottie Upshall in Senateurs zone.
19:54 of 1st period - Snap shot by Evgeni Malkin.
19:54 of 1st period - Stopped by Philipp Grubauer with a rebound.
Goals for this period are 1 for Lightning vs 1 for Senateurs.
Shots for this period are 5 for Lightning vs 14 for Senateurs.
2nd period
0:01 of 2nd period - Sidney Crosby wins face-off versus Scottie Upshall in neutral zone.
0:04 of 2nd period - Slapshot by Dion Phaneuf.
0:04 of 2nd period - Stopped by Philipp Grubauer without a rebound.
0:05 of 2nd period - Sidney Crosby wins face-off versus Scottie Upshall in Lightning zone.
0:16 of 2nd period - Wrist shot by Cody Franson.
0:16 of 2nd period - Stopped by Philipp Grubauer with a rebound.
0:45 of 2nd period - Icing by Evgeni Malkin.
0:46 of 2nd period - Sidney Crosby wins face-off versus Mark Scheifele in Senateurs zone.
1:05 of 2nd period - Jon Merrill is hit by Jamie Benn and loses puck.
1:16 of 2nd period - Penalty to Kris Versteeg is over, Kris Versteeg is back on ice.
1:18 of 2nd period - Wrist shot by Colby Armstrong.
1:18 of 2nd period - Stopped by Philipp Grubauer with a rebound.
1:22 of 2nd period - Wrist shot by Colby Armstrong.
1:22 of 2nd period - Stopped by Philipp Grubauer without a rebound.
1:23 of 2nd period - Evgeni Malkin wins face-off versus Jaden Schwartz in Lightning zone.
1:26 of 2nd period - Snap shot by Daniel Sedin.
1:26 of 2nd period - Shot Blocked by Mark Scheifele.
1:57 of 2nd period - Off-side.
1:58 of 2nd period - Sidney Crosby wins face-off versus Patrick Marleau in neutral zone.
2:01 of 2nd period - Patrick Marleau is hit by Sidney Crosby.
2:13 of 2nd period - Slapshot by Rasmus Ristolainen.
2:13 of 2nd period - Stopped by Roberto Luongo without a rebound.
2:14 of 2nd period - Tyler Johnson wins face-off versus Sidney Crosby in Senateurs zone.
2:39 of 2nd period - Colby Armstrong is hit by Patrick Kaleta.
2:43 of 2nd period - Slapshot by Dion Phaneuf.
2:43 of 2nd period - Shot Blocked by Joni Pitkanen.
3:29 of 2nd period - Wrist shot by James Wright.
3:29 of 2nd period - Shot Misses the Net.
3:31 of 2nd period - Slapshot by Tyler Toffoli.
3:31 of 2nd period - Stopped by Roberto Luongo with a rebound.
3:33 of 2nd period - Slapshot by Tyler Toffoli.
3:33 of 2nd period - Shot Blocked by Sergei Kostitsyn.
3:47 of 2nd period - Snap shot by Henrik Zetterberg.
3:47 of 2nd period - Stopped by Roberto Luongo without a rebound.
3:48 of 2nd period - Sidney Crosby wins face-off versus Tyler Johnson in Senateurs zone.
3:48 of 2nd period - Sidney Crosby is hit by Tyler Johnson.
3:54 of 2nd period - Snap shot by Phil Kessel.
3:54 of 2nd period - Stopped by Philipp Grubauer with a rebound.
3:56 of 2nd period - Minor Penalty to Joni Pitkanen for Hooking.
3:57 of 2nd period - Kris Versteeg wins face-off versus Sidney Crosby in Lightning zone.
4:58 of 2nd period - Slapshot by Dion Phaneuf.
4:58 of 2nd period - Shot Blocked by Tyler Johnson.
5:00 of 2nd period - Wrist shot by Phil Kessel.
5:00 of 2nd period - Deflect By Jon Merrill.
5:00 of 2nd period - Goal by Phil Kessel - Lightning : 1 - Senateurs : 2.
5:01 of 2nd period - Sidney Crosby wins face-off versus Tyler Johnson in neutral zone.
5:18 of 2nd period - Wrist shot by Kris Versteeg.
5:18 of 2nd period - Shot Misses the Net.
5:24 of 2nd period - Minor Penalty to Carlo Colaiacovo for Hooking.
5:25 of 2nd period - Tyler Johnson wins face-off versus Sidney Crosby in Senateurs zone.
5:34 of 2nd period - Backhand shot by Alex Goligoski.
5:34 of 2nd period - Stopped by Roberto Luongo with a rebound.
5:36 of 2nd period - Slapshot by Joni Pitkanen.
5:36 of 2nd period - Goal by Joni Pitkanen - Lightning : 2 - Senateurs : 2.
5:37 of 2nd period - Sidney Crosby wins face-off versus Tyler Johnson in neutral zone.
6:04 of 2nd period - Daniel Sedin is hit by Alex Goligoski and loses puck.
6:29 of 2nd period - Daniel Briere is hit by Patrick Marleau and loses puck.
7:08 of 2nd period - Slapshot by James Wright.
7:08 of 2nd period - Shot Blocked by Dion Phaneuf.
7:10 of 2nd period - Wrist shot by James Wright.
7:10 of 2nd period - Shot Blocked by Cody Franson.
7:16 of 2nd period - Slapshot by Dion Phaneuf.
7:16 of 2nd period - Shot Misses the Net.
7:18 of 2nd period - Slapshot by Dion Phaneuf.
7:18 of 2nd period - Stopped by Philipp Grubauer with a rebound.
7:26 of 2nd period - Snap shot by Ryan Hollweg.
7:26 of 2nd period - Shot Misses the Net.
7:28 of 2nd period - Slapshot by Dion Phaneuf.
7:28 of 2nd period - Deflect By Tyler Toffoli.
7:28 of 2nd period - Stopped by Philipp Grubauer with a rebound.
7:30 of 2nd period - Wrist shot by Ryan Hollweg.
7:30 of 2nd period - Shot Blocked by Rasmus Ristolainen.
7:32 of 2nd period - Wrist shot by Stephane Da Costa.
7:32 of 2nd period - Shot Misses the Net.
7:54 of 2nd period - Snap shot by Sidney Crosby.
7:54 of 2nd period - Shot Misses the Net.
8:14 of 2nd period - Snap shot by Stephane Da Costa.
8:14 of 2nd period - Stopped by Philipp Grubauer with a rebound.
8:32 of 2nd period - Snap shot by Stephane Da Costa.
8:32 of 2nd period - Stopped by Philipp Grubauer without a rebound.
8:33 of 2nd period - Tyler Johnson wins face-off versus Evgeni Malkin in Lightning zone.
8:42 of 2nd period - Snap shot by Henrik Zetterberg.
8:42 of 2nd period - Shot Blocked by Carlo Colaiacovo.
9:54 of 2nd period - Jamie Benn is hit by Joni Pitkanen and loses puck.
10:48 of 2nd period - Minor Penalty to Daniel Briere for Hooking.
10:49 of 2nd period - Evgeni Malkin wins face-off versus Tyler Johnson in Senateurs zone.
11:10 of 2nd period - Slapshot by Jon Merrill.
11:10 of 2nd period - Shot Blocked by Nate Prosser.
11:12 of 2nd period - Slapshot by Jon Merrill.
11:12 of 2nd period - Deflect By Jaden Schwartz.
11:12 of 2nd period - Shot Misses the Net.
11:12 of 2nd period - Puck is out of play.
11:13 of 2nd period - Mark Scheifele wins face-off versus Sidney Crosby in Senateurs zone.
11:24 of 2nd period - Wrist shot by Mark Scheifele.
11:24 of 2nd period - Stopped by Roberto Luongo without a rebound.
11:25 of 2nd period - Sidney Crosby wins face-off versus Tyler Johnson in Senateurs zone.
11:41 of 2nd period - Icing by Kris Versteeg.
11:42 of 2nd period - Phil Kessel wins face-off versus Tyler Johnson in Lightning zone.
12:11 of 2nd period - Snap shot by Patrick Kaleta.
12:11 of 2nd period - Deflect By Mark Scheifele.
12:11 of 2nd period - Goal by Mark Scheifele - Lightning : 3 - Senateurs : 2.
12:12 of 2nd period - Jamie Benn wins face-off versus Tyler Johnson in neutral zone.
12:41 of 2nd period - Wrist shot by James Wright.
12:41 of 2nd period - Shot Misses the Net.
12:43 of 2nd period - Slapshot by Theo Peckham.
12:43 of 2nd period - Shot Blocked by Arturs Kulda.
12:45 of 2nd period - Slapshot by Jon Merrill.
12:45 of 2nd period - Stopped by Roberto Luongo with a rebound.
12:47 of 2nd period - Snap shot by Tyler Toffoli.
12:47 of 2nd period - Shot Misses the Net.
12:49 of 2nd period - Slapshot by Jon Merrill.
12:49 of 2nd period - Deflect By Jamie Benn.
12:49 of 2nd period - Stopped by Roberto Luongo without a rebound.
12:50 of 2nd period - Evgeni Malkin wins face-off versus Tyler Johnson in Senateurs zone.
12:52 of 2nd period - Minor Penalty to Evgeni Malkin for Tripping.
12:53 of 2nd period - Tyler Johnson wins face-off versus Sidney Crosby in Senateurs zone.
12:57 of 2nd period - Snap shot by Kris Versteeg.
12:57 of 2nd period - Deflect By Ryan Hollweg.
12:57 of 2nd period - Goal by Kris Versteeg - Lightning : 4 - Senateurs : 2.
12:57 of 2nd period - Ondrej Pavelec enters game.
12:58 of 2nd period - Phil Kessel wins face-off versus Tyler Johnson in neutral zone.
13:05 of 2nd period - Tyler Johnson is hit by Phil Kessel and loses puck.
13:14 of 2nd period - Slapshot by Alex Goligoski.
13:14 of 2nd period - Stopped by Ondrej Pavelec with a rebound.
13:24 of 2nd period - Alex Goligoski is hit by Cody Franson and loses puck.
14:13 of 2nd period - Snap shot by Stephane Da Costa.
14:13 of 2nd period - Stopped by Philipp Grubauer with a rebound.
14:25 of 2nd period - Slapshot by Alex Goligoski.
14:25 of 2nd period - Stopped by Ondrej Pavelec with a rebound.
14:33 of 2nd period - Slapshot by Alex Goligoski.
14:33 of 2nd period - Stopped by Ondrej Pavelec without a rebound.
14:34 of 2nd period - Sidney Crosby wins face-off versus Tyler Johnson in Senateurs zone.
14:39 of 2nd period - Backhand shot by Nate Prosser.
14:39 of 2nd period - Shot Blocked by Theo Peckham.
14:41 of 2nd period - Snap shot by Phil Kessel.
14:41 of 2nd period - Shot Misses the Net.
14:43 of 2nd period - Slapshot by Duncan Keith.
14:43 of 2nd period - Deflect By Jon Merrill.
14:43 of 2nd period - Stopped by Philipp Grubauer with a rebound.
14:45 of 2nd period - Snap shot by Jamie Benn.
14:45 of 2nd period - Stopped by Philipp Grubauer with a rebound.
14:47 of 2nd period - Slapshot by Duncan Keith.
14:47 of 2nd period - Shot Misses the Net.
14:49 of 2nd period - Wrist shot by Phil Kessel.
14:49 of 2nd period - Stopped by Philipp Grubauer with a rebound.
15:04 of 2nd period - Slapshot by Dion Phaneuf.
15:04 of 2nd period - Deflect By Colby Armstrong.
15:04 of 2nd period - Shot Misses the Net.
15:04 of 2nd period - Puck is out of play.
15:05 of 2nd period - Sidney Crosby wins face-off versus Mark Scheifele in Lightning zone.
15:12 of 2nd period - Slapshot by Sidney Crosby.
15:12 of 2nd period - Shot Misses the Net.
15:36 of 2nd period - Snap shot by Tyler Johnson.
15:36 of 2nd period - Shot Blocked by Daniel Sedin.
15:46 of 2nd period - Snap shot by Kris Versteeg.
15:46 of 2nd period - Shot Misses the Net.
15:58 of 2nd period - Snap shot by Scottie Upshall.
15:58 of 2nd period - Stopped by Ondrej Pavelec with a rebound.
16:00 of 2nd period - Slapshot by Theo Peckham.
16:00 of 2nd period - Deflect By Evgeni Malkin.
16:00 of 2nd period - Stopped by Ondrej Pavelec without a rebound.
16:01 of 2nd period - Sidney Crosby wins face-off versus Mikael Backlund in Senateurs zone.
16:01 of 2nd period - Sidney Crosby is hit by Joni Pitkanen.
16:13 of 2nd period - Slapshot by Duncan Keith.
16:13 of 2nd period - Stopped by Philipp Grubauer with a rebound.
16:15 of 2nd period - Snap shot by Sidney Crosby.
16:15 of 2nd period - Stopped by Philipp Grubauer without a rebound.
16:16 of 2nd period - Tyler Johnson wins face-off versus Sidney Crosby in Lightning zone.
16:32 of 2nd period - Minor Penalty to Joni Pitkanen for Hooking.
16:33 of 2nd period - Kris Versteeg wins face-off versus Sidney Crosby in Lightning zone.
17:09 of 2nd period - Slapshot by Daniel Sedin.
17:09 of 2nd period - Shot Blocked by Tyler Johnson.
17:45 of 2nd period - Kris Versteeg is hit by Daniel Sedin and loses puck.
18:32 of 2nd period - Penalty to Joni Pitkanen is over, Joni Pitkanen is back on ice.
19:00 of 2nd period - Sidney Crosby is hit by Theo Peckham and loses puck.
19:05 of 2nd period - Wrist shot by Alex Goligoski.
19:05 of 2nd period - Shot Misses the Net.
19:07 of 2nd period - Wrist shot by James Wright.
19:07 of 2nd period - Shot Misses the Net.
19:09 of 2nd period - Backhand shot by Alex Goligoski.
19:09 of 2nd period - Stopped by Ondrej Pavelec without a rebound.
19:10 of 2nd period - Radim Vrbata wins face-off versus Mark Scheifele in Senateurs zone.
Goals for this period are 3 for Lightning vs 1 for Senateurs.
Shots for this period are 16 for Lightning vs 16 for Senateurs.
3rd period
0:01 of 3rd period - Phil Kessel wins face-off versus Tyler Johnson in neutral zone.
0:04 of 3rd period - Slapshot by Cody Franson.
0:04 of 3rd period - Shot Misses the Net.
0:06 of 3rd period - Wrist shot by Jamie Benn.
0:06 of 3rd period - Stopped by Philipp Grubauer without a rebound.
0:07 of 3rd period - Tyler Johnson wins face-off versus Sidney Crosby in Lightning zone.
0:22 of 3rd period - Slapshot by Kris Versteeg.
0:22 of 3rd period - Stopped by Ondrej Pavelec without a rebound.
0:23 of 3rd period - Evgeni Malkin wins face-off versus Mark Scheifele in Senateurs zone.
0:36 of 3rd period - Wrist shot by Evgeni Malkin.
0:36 of 3rd period - Stopped by Philipp Grubauer without a rebound.
0:37 of 3rd period - Sidney Crosby wins face-off versus Henrik Zetterberg in Lightning zone.
1:11 of 3rd period - Slapshot by Jaden Schwartz.
1:11 of 3rd period - Shot Blocked by Evgeni Malkin.
1:13 of 3rd period - Snap shot by Patrick Kaleta.
1:13 of 3rd period - Shot Misses the Net.
1:15 of 3rd period - Slapshot by Jon Merrill.
1:15 of 3rd period - Shot Blocked by Daniel Sedin.
1:27 of 3rd period - Slapshot by Jon Merrill.
1:27 of 3rd period - Stopped by Ondrej Pavelec with a rebound.
1:29 of 3rd period - Slapshot by Rasmus Ristolainen.
1:29 of 3rd period - Stopped by Ondrej Pavelec with a rebound.
1:35 of 3rd period - Wrist shot by Mikael Backlund.
1:35 of 3rd period - Deflect By Pierre-Luc Létourneau.
1:35 of 3rd period - Shot Blocked by Radim Vrbata.
1:35 of 3rd period - Puck is out of play.
1:36 of 3rd period - Tyler Johnson wins face-off versus Sidney Crosby in Senateurs zone.
2:15 of 3rd period - Daniel Sedin is hit by Mark Scheifele.
2:27 of 3rd period - Patrick Kaleta is hit by Mark Giordano and loses puck.
2:59 of 3rd period - Slapshot by Rasmus Ristolainen.
2:59 of 3rd period - Stopped by Ondrej Pavelec with a rebound.
3:01 of 3rd period - Snap shot by Mark Scheifele.
3:01 of 3rd period - Shot Misses the Net.
3:17 of 3rd period - Snap shot by Patrick Kaleta.
3:17 of 3rd period - Shot Misses the Net.
3:19 of 3rd period - Slapshot by Rasmus Ristolainen.
3:19 of 3rd period - Deflect By Mark Scheifele.
3:19 of 3rd period - Shot Blocked by Mark Giordano.
3:19 of 3rd period - Puck is out of play.
3:20 of 3rd period - Sidney Crosby wins face-off versus Tyler Johnson in Senateurs zone.
3:20 of 3rd period - Sidney Crosby is hit by Tyler Johnson.
3:25 of 3rd period - Off-side.
3:26 of 3rd period - Sidney Crosby wins face-off versus Kris Versteeg in neutral zone.
3:36 of 3rd period - Snap shot by Henrik Zetterberg.
3:36 of 3rd period - Shot Misses the Net.
3:38 of 3rd period - Snap shot by Joni Pitkanen.
3:38 of 3rd period - Shot Blocked by Dion Phaneuf.
3:40 of 3rd period - Snap shot by Kris Versteeg.
3:40 of 3rd period - Goal by Kris Versteeg - Lightning : 5 - Senateurs : 2.
3:41 of 3rd period - Sidney Crosby wins face-off versus Tyler Johnson in neutral zone.
4:10 of 3rd period - Snap shot by Scottie Upshall.
4:10 of 3rd period - Stopped by Ondrej Pavelec with a rebound.
4:23 of 3rd period - Snap shot by Jamie Benn.
4:23 of 3rd period - Stopped by Philipp Grubauer with a rebound.
4:25 of 3rd period - Slapshot by Dion Phaneuf.
4:25 of 3rd period - Stopped by Philipp Grubauer with a rebound.
4:27 of 3rd period - Wrist shot by Jamie Benn.
4:27 of 3rd period - Shot Misses the Net.
4:29 of 3rd period - Wrist shot by Phil Kessel.
4:29 of 3rd period - Deflect By Joni Pitkanen.
4:29 of 3rd period - Stopped by Philipp Grubauer with a rebound.
5:23 of 3rd period - Pierre-Luc Létourneau is hit by Phil Kessel and loses puck.
5:52 of 3rd period - Snap shot by Joni Pitkanen.
5:52 of 3rd period - Shot Blocked by Dion Phaneuf.
6:04 of 3rd period - Snap shot by Sidney Crosby.
6:04 of 3rd period - Shot Misses the Net.
6:06 of 3rd period - Wrist shot by Jamie Benn.
6:06 of 3rd period - Stopped by Philipp Grubauer with a rebound.
6:08 of 3rd period - Snap shot by Phil Kessel.
6:08 of 3rd period - Goal by Phil Kessel - Lightning : 5 - Senateurs : 3.
6:09 of 3rd period - Evgeni Malkin wins face-off versus Tyler Johnson in neutral zone.
8:40 of 3rd period - Duncan Keith is hit by Patrick Marleau and loses puck.
9:53 of 3rd period - Icing by Carlo Colaiacovo.
9:54 of 3rd period - Daniel Briere wins face-off versus James Wright in Senateurs zone.
9:54 of 3rd period - Daniel Briere is hit by James Wright.
10:02 of 3rd period - Arturs Kulda is hit by James Wright and loses puck.
10:10 of 3rd period - Minor Penalty to Daniel Briere for Roughing.
10:11 of 3rd period - Tyler Johnson wins face-off versus Sidney Crosby in Senateurs zone.
10:13 of 3rd period - Snap shot by Tyler Johnson.
10:13 of 3rd period - Stopped by Ondrej Pavelec with a rebound.
10:15 of 3rd period - Slapshot by Henrik Zetterberg.
10:15 of 3rd period - Stopped by Ondrej Pavelec with a rebound.
10:37 of 3rd period - Evgeni Malkin is hit by Kris Versteeg.
12:10 of 3rd period - Penalty to Daniel Briere is over, Daniel Briere is back on ice.
12:54 of 3rd period - Slapshot by Rasmus Ristolainen.
12:54 of 3rd period - Deflect By Scottie Upshall.
12:54 of 3rd period - Shot Blocked by Carlo Colaiacovo.
12:54 of 3rd period - Puck is out of play.
12:55 of 3rd period - Evgeni Malkin wins face-off versus James Wright in Senateurs zone.
13:24 of 3rd period - Wrist shot by Patrick Kaleta.
13:24 of 3rd period - Shot Misses the Net.
13:26 of 3rd period - Slapshot by Alex Goligoski.
13:26 of 3rd period - Stopped by Ondrej Pavelec with a rebound.
13:32 of 3rd period - Snap shot by Jaden Schwartz.
13:32 of 3rd period - Shot Misses the Net.
13:34 of 3rd period - Snap shot by Mark Scheifele.
13:34 of 3rd period - Stopped by Ondrej Pavelec without a rebound.
13:35 of 3rd period - Evgeni Malkin wins face-off versus Tyler Johnson in Senateurs zone.
14:15 of 3rd period - Snap shot by James Wright.
14:15 of 3rd period - Stopped by Ondrej Pavelec with a rebound.
14:36 of 3rd period - Snap shot by Jaden Schwartz.
14:36 of 3rd period - Stopped by Ondrej Pavelec with a rebound.
14:46 of 3rd period - Daniel Briere is hit by Mikael Backlund and loses puck.
15:07 of 3rd period - Snap shot by Mikael Backlund.
15:07 of 3rd period - Shot Blocked by Nate Prosser.
15:09 of 3rd period - Minor Penalty to Sidney Crosby for Kneeing.
15:10 of 3rd period - Tyler Johnson wins face-off versus Ryan Hollweg in Senateurs zone.
15:13 of 3rd period - Snap shot by Tyler Johnson.
15:13 of 3rd period - Stopped by Ondrej Pavelec without a rebound.
15:14 of 3rd period - Tyler Johnson wins face-off versus Ryan Hollweg in Senateurs zone.
16:01 of 3rd period - Kris Versteeg is hit by Jamie Benn and loses puck.
16:12 of 3rd period - Snap shot by Henrik Zetterberg.
16:12 of 3rd period - Stopped by Ondrej Pavelec with a rebound.
16:14 of 3rd period - Snap shot by Alex Goligoski.
16:14 of 3rd period - Shot Blocked by Daniel Briere.
17:08 of 3rd period - Wrist shot by Kris Versteeg.
17:08 of 3rd period - Shot Misses the Net.
17:09 of 3rd period - Penalty to Sidney Crosby is over, Sidney Crosby is back on ice.
17:26 of 3rd period - Snap shot by Tyler Johnson.
17:26 of 3rd period - Shot Blocked by Daniel Briere.
17:28 of 3rd period - Snap shot by Henrik Zetterberg.
17:28 of 3rd period - Stopped by Ondrej Pavelec without a rebound.
17:29 of 3rd period - Colby Armstrong wins face-off versus James Wright in Senateurs zone.
17:44 of 3rd period - Wrist shot by Evgeni Malkin.
17:44 of 3rd period - Shot Misses the Net.
17:54 of 3rd period - Nate Prosser is hit by Jon Merrill and loses puck.
18:59 of 3rd period - Jon Merrill is hit by Phil Kessel and loses puck.
19:27 of 3rd period - Sidney Crosby is hit by James Wright and loses puck.
19:50 of 3rd period - Radim Vrbata is hit by James Wright and loses puck.
Goals for this period are 1 for Lightning vs 1 for Senateurs.
Shots for this period are 15 for Lightning vs 7 for Senateurs.
Back to the Top